AoeStats
← impossible

Black Forest

510283445Analyzed
2v2 RM · 3d ago on Sep 30, 2026· 26m 40s· 4 players
Game mode
Random Map
Map size
Medium (4 player)
Population
200
Speed
Normal
Resources
Standard
Victory
Conquest
Starting age
Dark Age
Ending age
Imperial Age
RankedLock teamsTeams togetherTeam positionsShared explorationLock speedFull tech treeHidden civsTurbo modeCheats
Victory
Defeat
🇲🇽 Danes · Mexico
1282
+11
🇩🇪 Huns · Germany
1252
+13
🇷🇺 Vietnamese · Russia
1203
-13
🇳🇱 Armenians · Netherlands
1155
-11
Han.
0:36 Loom
13:12 Feudal Age
17:01 Castle Age
14:55 Horse Collar
15:00 Double-Bit Axe
15:57 Forging
16:04 Forging
16:00 Scale Barding Armor
19:39 Gold Mining
21:11 Chain Barding Armor
23:43 Iron Casting
24:55 Bloodlines
Gumndor
0:53 Loom
12:14 Feudal Age
17:46 Castle Age
15:56 Town Watch
16:46 Wheelbarrow
16:15 Double-Bit Axe
16:14 Horse Collar
19:06 Bow Saw
De_Profeet
12:02 Feudal Age
12:07 Man-at-Arms
12:49 Long Swordsman
13:44 Scale Mail Armor
15:11 Double-Bit Axe
15:10 Horse Collar
20:40 Castle Age
19:56 Wheelbarrow
19:19 Gold Mining
21:31 Bow Saw
21:31 Two-Handed Swordsman
21:57 Gambesons
22:19 Heavy Plow
impossible
1:34 Loom
11:08 Feudal Age
17:09 Castle Age
14:58 Double-Bit Axe
14:58 Horse Collar
15:20 Stone Mining
24:39 Fletching
26:15 Wheelbarrow
25:26 Town Watch
Connection lost

Rejoining the realm…

Still unreachable

The connection could not be restored.

Session expired

The server has moved on; the page needs a fresh start.